 Dungeon Crawl Stone Soup version 0.30-a0-469-g84de5afbc5 (webtiles) character file.

Game seed: 17237753729079321974

281 Zonian the Chiller (level 6, 0/28 HPs)
             Began as a Vine Stalker Ice Elementalist on Dec 19, 2022.
             Slain by a gnoll
             ... wielding a +0 flail
             ... led by a gnoll bouda
              (6 damage)
             ... on level 4 of the Dungeon.
             The game lasted 00:07:32 (3631 turns).

Zonian the Chiller (Vine Stalker Ice Elementalist)  Turns: 3631, Time: 00:07:32

Health: 0/28       AC:  2    Str: 10    XL:     6   Next: 27%
Magic:  0/13       EV: 16    Int: 17    God:
Gold:   134        SH:  0    Dex: 15    Spells: 9/13 levels left

rFire   . . .      SeeInvis .    g - +0 dagger
rCold   . . .      Faith    .    (no shield)
rNeg    . . .      Spirit   +    a - +0 robe
rPois   .          Reflect  .    (no helmet)
rElec   .          Harm     .    (no cloak)
rCorr   .          Rampage  .    (no gloves)
Will    .....                    (no boots)
Stlth   +++.......               (no amulet)
HPRegen 1.04/turn                p - +4 ring of evasion
MPRegen 0.13/turn                (no ring)

@: no status effects
A: fangs 2, regeneration 1, magic shield, antimagic bite, no potion heal 2
a: no special abilities


You were on level 4 of the Dungeon.
You visited 1 branch of the dungeon, and saw 4 of its levels.

You collected 134 gold pieces.

Inventory:

Hand Weapons
 g - a +0 dagger (weapon)
Armour
 a - a +0 robe (worn)
 l - a +1 hat
Jewellery
 p - a +4 ring of evasion (left hand)
 q - an amulet of regeneration
Wands
 b - a wand of flame (6)
Scrolls
 c - a scroll of enchant armour {unknown}
 d - a scroll of poison {unknown}
 e - 3 scrolls of identify
 k - a scroll of teleportation {unknown}
 o - a scroll of enchant weapon {unknown}
Potions
 f - 2 potions of lignification {unknown}
 h - a potion of mutation {unknown}
 i - 2 potions of curing
 m - a potion of heal wounds {unknown}
 n - a potion of berserk rage {unknown}


   Skills:
 - Level 2.6 Dodging
 - Level 4.1 Stealth
 + Level 4.0 Spellcasting
 + Level 5.2 Ice Magic


You had 9 spell levels left.
You knew the following spells:

 Your Spells              Type           Power      Damage    Failure   Level
a - Freeze                Ice            84%        1d9       1%          1
b - Frozen Ramparts       Ice            42%        1d7       5%          3

Your spell library contained the following spells:

 Spells                   Type           Power      Damage    Failure   Level
 Ozocubu's Armour         Ice            21%        N/A       5%          3
 Sting                    Tmut/Pois      12%        1d3       16%         1
 Poisonous Vapours        Pois/Air       6%         N/A       24%         2
 Sublimation of Blood     Necr           3%         N/A       24%         2
 Wereblood                Tmut           3%         N/A       24%         2
 Summon Ice Beast         Ice/Summ       12%        N/A       47%         4
 Olgreb's Toxic Radiance  Pois           3%         N/A       83%         4
 Summon Hydra             Summ           1%         N/A       100%        7


Dungeon Overview and Level Annotations

Branches:
Dungeon (4/15)
 Temple: D:4-7

Altars:

Shops:
D:3 (

Annotations:
D:3 2 transporters, 1 runed translucent door, Crazy Yiuf; Iich's ghost, amateur DsFi


Innate Abilities, Weirdness & Mutations

You have extremely sharp teeth.
Your natural rate of healing is unusually fast.
When hurt, damage is shared between your health and your magic reserves.
Your bite disrupts and absorbs the magic of your enemies.
Potions cannot restore your health.


Message History

You hit the gnoll. You punch the gnoll. You bite the gnoll.
You drain its power.
You feel invigorated.
The gnoll is severely wounded.
The gnoll hits you with a +0 flail!
Unknown command.
Casting: Freeze (safe; 1% risk of failure)
Confirm with . or Enter, or press ? or * to list all spells.
Aiming: Freeze (safe; 1% risk of failure)
Press: ? - help, Shift-Dir - straight line, f - gnoll
Aim: a gnoll, wielding a +0 flail (severely wounded, covering ground quickly)
You freeze the gnoll.
The gnoll is almost dead.
The gnoll is no longer moving quickly.
The gnoll completely misses you.
Unknown command.
Casting: Freeze (safe; 1% risk of failure)
Confirm with . or Enter, or press ? or * to list all spells.
Aiming: Freeze (safe; 1% risk of failure)
Press: ? - help, Shift-Dir - straight line, f/p - gnoll
Aim: a gnoll, wielding a +0 flail (almost dead)
You freeze the gnoll.
You kill the gnoll!
Unknown command.
You hit the gnoll.
The gnoll is lightly wounded.
The gnoll barely misses you.
You hit the gnoll.
The gnoll is lightly wounded.
The gnoll hits you with a +0 flail!
* * * LOW HITPOINT WARNING * * *
Unknown command.
It was a potion of curing.
That felt strangely inert.
The gnoll completely misses you.
Unknown command.
Okay, then.
As you read the scroll labelled JUCSET XAODEY, it crumbles to dust.
Your body is wracked with pain!
* * * LOW HITPOINT WARNING * * *
The gnoll convulses!
It was a scroll of torment.
The gnoll hits you with a +0 flail.
You die...

### #####.##############
....(.....)@g......# #
#####.#.######.###.#.#
#.#.######.###.#.#####
#.#####.#.##................
.<........##.###............
#########.#.##.###..##.#g##.##
#.[......................g. ..
#.#####...................g..
+..........................g..


You could see a gnoll.

Vanquished Creatures
  An orc priest (D:2)
  A gnoll bouda (D:4)
  Ijyb (D:3)
  An orc wizard (D:4)
  4 gnolls (D:4)
  4 adders
  A dart slug (D:1)
  5 orcs
  7 bats
  9 endoplasms
  4 giant cockroaches
  8 goblins
  9 hobgoblins
  11 jackals
  5 kobolds
  A quokka (D:3)
  7 ball pythons
  2 frilled lizards (D:1)
  5 rats
86 creatures vanquished.

Notes
Turn   | Place    | Note
-------+----------+-------------------------------------------
     0 | D:1      | Zonian the Vine Stalker Ice Elementalist began the quest
                  | for the Orb.
     0 | D:1      | Reached XP level 1. HP: 9/9 MP: 4/4
   228 | D:1      | Reached XP level 2. HP: 13/13 MP: 6/6
   829 | D:1      | Reached XP level 3. HP: 16/16 MP: 5/7
  1747 | D:2      | Gained mutation: Your natural rate of healing is unusually
                  | fast. [Vine Stalker growth]
  1747 | D:2      | Reached XP level 4. HP: 20/21 MP: 5/9
  2450 | D:3      | Noticed Ijyb
  2485 | D:3      | Reached XP level 5. HP: 24/24 MP: 10/10
  2502 | D:3      | Found a transporter.
  2502 | D:3      | Noticed Iich's ghost (amateur DsFi)
  2504 | D:3      | Noticed a phantom
  2589 | D:3      | Killed Ijyb
  2922 | D:3      | Learned a level 3 spell: Frozen Ramparts
  2976 | D:3      | Found Feuly's Weapon Shop.
  2977 | D:3      | Found a transporter.
  3220 | D:3      | Found a runed translucent door.
  3221 | D:3      | Noticed Crazy Yiuf
  3308 | D:4      | Reached skill level 5 in Ice Magic
  3604 | D:4      | Reached XP level 6. HP: 15/28 MP: 5/12
  3631 | D:4      | Slain by a gnoll

Illustrated notes

Levels and vault maps discovered:
D:1:      eino_arrival_water_star, layout_basic, minmay_box_of_dots
D:2:      layout_rooms
D:3:      layout_rooms, serial_shops, nicolae_shop_bloodbath_and_beyond,
          gammafunk_ghost_mausoleum, uniq_crazy_yiuf_cottage, uniq_ijyb
D:4:      black_bear_nest_2, layout_basic

Skill      XL: |  1  2  3  4  5  6 |
---------------+-------------------+-----
Stealth        | 3 4 |  4.1
Dodging        | 2 |  2.6
Spellcasting   | 3 4 |  4.0
Ice Magic      | 5 |  5.2

Action                   |  1- 3 |  4- 6 || total
-------------------------+-------+-------++-------
Melee: Unarmed           |    11 |       ||    11
       Bite              |    11 |    13 ||    24
       Dagger            |    31 |    56 ||    87
       Punch             |     1 |     2 ||     3
 Cast: Freeze            |    51 |    65 ||   116
       Frozen Ramparts   |       |     1 ||     1
  Use: Scroll            |       |     2 ||     2
       Potion            |       |     3 ||     3
 Stab: Sleeping          |     3 |     4 ||     7
Armor: Robe              |    10 |    18 ||    28
Dodge: Dodged            |    51 |    92 ||   143

Table legend: (Time is in decaauts)
 A = Elapsed time spent in this place.
 B = Non-inter-level travel time spent in this place.
 C = Inter-level travel time spent in this place.
 D = Time resting spent in this place.
 E = Time spent auto-exploring this place.
 F = Levels seen in this place.
 G = Mean time per level.
                   A        B        C        D        E       F      G
               +--------+--------+--------+--------+--------+-----+--------+
         Total |   3631 |   3520 |    111 |   1031 |   1817 |   4 |  907.8 |
       Dungeon |   3631 |   3520 |    111 |   1031 |   1817 |   4 |  907.8 |
               +--------+--------+--------+--------+--------+-----+--------+

Top non-repeatable levels by time:
     D:1: 1513 daAuts
     D:2: 955 daAuts
     D:3: 781 daAuts
     D:4: 380 daAuts
